 Dungeon Crawl Stone Soup version 0.30-b1-2-g02819fbbbe (webtiles) character file.

Game seed: 514978636398888477

200 Fartwhistle the Skirmisher (level 5, 0/43 HPs)
             Began as a Gnoll Hunter on Sept 13, 2023.
             Slain by a gnoll
             ... wielding a +0 spear
              (5 damage)
             ... on level 4 of the Dungeon.
             The game lasted 00:03:14 (1905 turns).

Fartwhistle the Skirmisher (Gnoll Hunter)           Turns: 1905, Time: 00:03:14

Health: 0/43       AC:  4    Str: 10    XL:     5   Next: 79%
Magic:  7/7        EV: 13    Int: 17    God:
Gold:   46         SH:  5    Dex: 15    Spells: 7/7 levels left

rFire   . . .        q - +1 quarterstaff (spect)
rCold   . . .        (shield currently unavailable)
rNeg    . . .        c - +0 leather armour
rPois   .            (no helmet)
rElec   .            (no cloak)
rCorr   .            (no gloves)
SInv    .            l - +0 pair of boots
Will    .....        o - amulet of reflection
Stlth   ++           j - +6 ring of intelligence
HPRegen 0.27/turn    (no ring)
MPRegen 0.10/turn

%: reflection
@: no status effects
A: fangs 1, strong nose, distributed training
a: no special abilities


You were on level 4 of the Dungeon.
You visited 1 branch of the dungeon, and saw 5 of its levels.

You collected 124 gold pieces.
You spent 78 gold pieces at shops.

Inventory:

Hand Weapons
 a - a +0 shortbow
 f - a +1 short sword of holy wrath
 q - a +1 spectral quarterstaff (weapon)
Missiles
 r - 3 throwing nets
Armour
 c - a +0 leather armour (worn)
 l - a +0 pair of boots (worn)
Jewellery
 j - a +6 ring of intelligence (left hand)
 o - an amulet of reflection (around neck)
 s - a ring of see invisible
Scrolls
 b - a scroll of immolation
 e - a scroll of amnesia {unknown}
 i - a scroll of identify {unknown}
 k - a scroll of torment {unknown}
Potions
 d - a potion of lignification {unknown}
 g - a potion of ambrosia {unknown}
 h - a potion of might {unknown}
 m - 2 potions of heal wounds {unknown}
 n - 2 potions of curing
 p - a potion of magic {unknown}


   Skills:
 + Level 4.9 Fighting
 + Level 1.7 Short Blades
 + Level 1.7 Long Blades
 + Level 1.7 Axes
 + Level 1.7 Maces & Flails
 + Level 1.7 Polearms
 + Level 1.7 Staves
 + Level 8.7 Ranged Weapons
 + Level 1.7 Throwing
 + Level 1.7 Armour
 + Level 4.9 Dodging
 + Level 2.9 Stealth
 + Level 1.7 Shields
 + Level 1.7 Unarmed Combat
 + Level 1.7 Spellcasting
 + Level 1.3 Conjurations
 + Level 1.3 Hexes
 + Level 1.3 Summonings
 + Level 1.3 Necromancy
 + Level 1.3 Translocations
 + Level 1.3 Transmutations
 + Level 1.3 Fire Magic
 + Level 1.3 Ice Magic
 + Level 1.3 Air Magic
 + Level 1.3 Earth Magic
 + Level 1.3 Poison Magic
 + Level 1.9 Invocations
 + Level 1.7 Evocations


You had 7 spell levels left.
You didn't know any spells.
Your spell library contained the following spells:

 Spells                   Type           Power      Damage    Failure   Level
 Vhi's Electric Charge    Tloc/Air       12%        N/A       41%         3
 Arcjolt                  Conj/Air       3%         1d13      99%         5
 Plasma Beam              Fire/Air       3%         2x1d14    100%        6


Dungeon Overview and Level Annotations

Branches:
Dungeon (5/15)
 Temple: D:4-7

Altars:
Ashenzari

Shops:
D:2 !


Innate Abilities, Weirdness & Mutations

You have very sharp teeth.
Your uncanny sense of smell can sniff out nearby items.
Your experience applies equally to all skills.


Message History

The sleepcap is heavily damaged.
You block the sleepcap's attack. The gnoll closely misses you.
You shoot an arrow. The arrow hits the sleepcap!
The sleepcap is severely damaged.
The sleepcap completely misses you. The gnoll barely misses you.
You feel a bond with your +1 spectral quarterstaff.
q - a +1 spectral quarterstaff (weapon)
The sleepcap releases spores at you.
You are engulfed in a cloud of soporific spores!
You fall asleep.
The gnoll hits you from afar with a +0 spear!
You wake up.
You hit the sleepcap but do no damage.
The sleepcap is severely damaged.
The sleepcap completely misses you.
The gnoll hits you from afar with a +0 spear.
* * * LOW HITPOINT WARNING * * *
Unknown command.
You hit the sleepcap but do no damage.
The sleepcap is severely damaged.
The sleepcap releases spores at you.
* * * LOW HITPOINT WARNING * * *
You are engulfed in a cloud of soporific spores!
You are unaffected.
The gnoll barely misses you.
Unknown command.
You hit the sleepcap.
You bite the sleepcap, but do no damage.
The sleepcap is severely damaged.
The sleepcap barely misses you. You block the gnoll's attack.
The sleepcap releases spores at you but does no damage.
You block the gnoll's attack.
Unknown command.
You hit the sleepcap but do no damage.
The sleepcap is severely damaged.
The sleepcap releases spores at you!
* * * LOW HITPOINT WARNING * * *
You are engulfed in a cloud of soporific spores!
You are unaffected.
The gnoll hits you from afar with a +0 spear.
You die...

.. ... #.#
..... ..#
.#.. ##.#
g.. ..## ..
... #) #.#
##..##.###.#
.......gf@.#
##..##.###.#
#. #.# #.
#.# #. #.#
#. #.# ..
#.# #.##.
#.#
#....###.#


You could see a sleepcap and a gnoll.

Vanquished Creatures
  An iguana (D:4)
  8 gnolls
  4 adders
  A worm (D:2)
  2 dart slugs (D:1)
  4 bats
  An endoplasm (D:2)
  2 giant cockroaches (D:2)
  5 goblins
  9 hobgoblins
  2 jackals (D:2)
  5 kobolds
  A quokka (D:1)
  7 ball pythons
  4 frilled lizards (D:1)
  2 rats (D:2)
58 creatures vanquished.

Notes
Turn   | Place    | Note
-------+----------+-------------------------------------------
     0 | D:1      | Fartwhistle the Gnoll Hunter began the quest for the Orb.
     0 | D:1      | Reached XP level 1. HP: 20/20 MP: 1/1
   221 | D:1      | Reached XP level 2. HP: 26/26 MP: 2/2
   944 | D:2      | Reached XP level 3. HP: 31/31 MP: 3/3
   951 | D:2      | Reached skill level 1 in Invocations
  1124 | D:2      | Reached skill level 1 in Short Blades
  1124 | D:2      | Reached skill level 1 in Long Blades
  1124 | D:2      | Reached skill level 1 in Axes
  1124 | D:2      | Reached skill level 1 in Maces & Flails
  1124 | D:2      | Reached skill level 1 in Polearms
  1124 | D:2      | Reached skill level 1 in Staves
  1124 | D:2      | Reached skill level 1 in Throwing
  1124 | D:2      | Reached skill level 1 in Armour
  1124 | D:2      | Reached skill level 1 in Shields
  1124 | D:2      | Reached skill level 1 in Unarmed Combat
  1124 | D:2      | Reached skill level 1 in Spellcasting
  1124 | D:2      | Reached skill level 1 in Evocations
  1194 | D:2      | Reached XP level 4. HP: 38/38 MP: 5/5
  1244 | D:2      | Found a transporter.
  1244 | D:2      | Found Xerhi's Distillery.
  1281 | D:2      | Found a transporter.
  1326 | D:2      | Found a broken altar of Ashenzari.
  1365 | D:2      | Reached skill level 1 in Conjurations
  1365 | D:2      | Reached skill level 1 in Hexes
  1365 | D:2      | Reached skill level 1 in Summonings
  1365 | D:2      | Reached skill level 1 in Necromancy
  1365 | D:2      | Reached skill level 1 in Translocations
  1365 | D:2      | Reached skill level 1 in Transmutations
  1365 | D:2      | Reached skill level 1 in Fire Magic
  1365 | D:2      | Reached skill level 1 in Ice Magic
  1365 | D:2      | Reached skill level 1 in Air Magic
  1365 | D:2      | Reached skill level 1 in Earth Magic
  1365 | D:2      | Reached skill level 1 in Poison Magic
  1624 | D:2      | Bought 2 potions of curing for 78 gold pieces
  1680 | D:3      | You fall into a shaft and drop 2 floors!
  1680 | D:5      | Entered Level 5 of the Dungeon
  1729 | D:5      | Noticed a centaur
  1772 | D:4      | Reached XP level 5. HP: 42/43 MP: 5/7
  1905 | D:4      | Slain by a gnoll

Illustrated notes

Levels and vault maps discovered:
D:1:      minmay_arrival_diagonal_passages, layout_basic
D:2:      layout_basic, basic_altar, serial_shops, nicolae_shop_drivethru,
          cheibrodos_gnoll_hut
D:3:      layout_loops_ring, grunt_ministairs_8, minmay_unequal, uniq_grinder,
          uniq_jessica
D:4:      layout_basic, minmay_misc_feat_nine_boxes, uniq_blork_the_orc,
          uniq_menkaure
D:5:      layout_rooms, nicolae_uskayaw_murder_on_the_dancefloor, serial_glass,
          glass_columns_b, glass_columns_a, glass_columns_c, glass_columns_b,
          glass_columns_b, glass_columns_a, glass_columns_c, glass_columns_a,
          glass_columns_c, glass_columns_c, glass_columns_c, glass_columns_a,
          glass_columns_c, glass_columns_b, feat_on_display, item_on_display_a,
          due_unseen_surprise, item_on_display_a, nrook_pool_corridor

Skill      XL: |  1  2  3  4 |
---------------+-------------+-----
Invocations    | 1 |  1.9
Short Blades   | 1 |  1.7
Long Blades    | 1 |  1.7
Axes           | 1 |  1.7
Maces & Flails | 1 |  1.7
Polearms       | 1 |  1.7
Staves         | 1 |  1.7
Throwing       | 1 |  1.7
Armour         | 1 |  1.7
Shields        | 1 |  1.7
Unarmed Combat | 1 |  1.7
Spellcasting   | 1 |  1.7
Evocations     | 1 |  1.7
Conjurations   | 1 |  1.3
Hexes          | 1 |  1.3
Summonings     | 1 |  1.3
Necromancy     | 1 |  1.3
Translocations | 1 |  1.3
Transmutations | 1 |  1.3
Fire Magic     | 1 |  1.3
Ice Magic      | 1 |  1.3
Air Magic      | 1 |  1.3
Earth Magic    | 1 |  1.3
Poison Magic   | 1 |  1.3
Fighting       | |  4.9
Ranged Weapons | |  8.7
Dodging        | |  4.9
Stealth        | |  2.9

Action                     |  1- 3 |  4- 6 || total
---------------------------+-------+-------++-------
  Melee: Quarterstaff      |       |     4 ||     4
         Bite              |       |     1 ||     1
   Fire: Shortbow          |   105 |    90 ||   195
 Armour: Leather armour    |    12 |     6 ||    18
  Dodge: Dodged            |    27 |    43 ||    70
  Block: Other             |       |    10 ||    10
